AoeStats
← iAlejandrouae

Lombardia

507243939Analyzed
4v4 RM · 14d ago on Sep 17, 2026· 15m 0s· 8 players
Game mode
Random Map
Map size
Large (8 player)
Population
200
Speed
Normal
Resources
Standard
Victory
Conquest
Starting age
Dark Age
Ending age
Imperial Age
RankedLock teamsTeams togetherTeam positionsShared explorationLock speedFull tech treeHidden civsTurbo modeCheats
Victory
Defeat
🇸🇪 Georgians · Sweden
1781
+10
🇨🇳 Khmer · China
1636
+16
🇦🇷 Wu · Argentina
1585
+18
🇺🇸 Tatars · United States
1491
+23
🇬🇧 Hindustanis · United Kingdom
1743
-20
🇭🇰 Mongols · Hong Kong SAR China
1717
-20
1689
-19
🇹🇼 Persians · Taiwan
1412
-8
iAlejandrouae
4:47 Loom
9:58 Feudal Age
15:47 Castle Age
14:05 Horse Collar
busy pushing deer
10:48 Feudal Age
15:41 Castle Age
14:28 Double-Bit Axe
14:24 Horse Collar
aunclelikegod02
8:32 Feudal Age
8:31 Loom
9:13 Double-Bit Axe
13:26 Horse Collar
Håll Kaeften
5:35 Loom
8:28 Feudal Age
9:59 Horse Collar
14:33 Forging
15:34 Scale Barding Armor
JustAGecko
7:57 Feudal Age
7:48 Loom
8:30 Double-Bit Axe
11:36 Horse Collar
色狼英雄传
8:23 Loom
11:02 Feudal Age
11:54 Town Watch
13:24 Double-Bit Axe
chengaopeng044
0:47 Loom
11:06 Feudal Age
14:35 Castle Age
12:43 Double-Bit Axe
回忆里太多好
5:41 Double-Bit Axe
7:05 Loom
7:11 Loom
10:37 Feudal Age
15:07 Castle Age
13:11 Horse Collar
13:42 Bow Saw
Connection lost

Rejoining the realm…

Still unreachable

The connection could not be restored.

Session expired

The server has moved on; the page needs a fresh start.